 Dungeon Crawl Stone Soup version 0.27.0-1-g7a089689b8 (webtiles) character file.

Game seed: 1951790360196788003

160 inmateoo the Ducker (level 5, -3/42 HPs)
             Began as a Merfolk Necromancer on Aug 7, 2021.
             Succumbed to a scorpion's poison
             ... on level 3 of the Dungeon.
             The game lasted 00:06:00 (5142 turns).

inmateoo the Ducker (Merfolk Necromancer)           Turns: 5142, Time: 00:06:01

Health: -3/42      AC: 17    Str:  9    XL:     5   Next: 41%
Magic:  8/8        EV:  4    Int: 14    God:
Gold:   63         SH:  0    Dex: 15    Spells: 6/8 levels left

rFire    . . .     SeeInvis .   p - +1 trident (protect)
rCold    . . .     Faith    .   (no shield)
rNeg     . . .     Spirit   .   q - +0 chain mail
rPois    .         Reflect  .   e - +0 helmet
rElec    .         Harm     .   (no cloak)
rCorr    .         Rampage  .   o - +0 pair of gloves
Will     .....                  (no boots)
Stlth    ..........             (no amulet)
HPRegen  0.14/turn              (no ring)
MPRegen  0.11/turn              (no ring)

@: lethally poisoned (-3 -> -28), under a protective aura, flying
A: (nimble swimmer 2), mertail
a: no special abilities


You were on level 3 of the Dungeon.
You visited 1 branch of the dungeon, and saw 4 of its levels.

You collected 186 gold pieces.
You spent 123 gold pieces at shops.

Inventory:

Hand Weapons
 g - a +1 dagger of venom
 p - a +1 trident of protection (weapon)
Armour
 e - a +0 helmet (worn)
 o - a +0 pair of gloves (worn)
 q - a +0 chain mail (worn)
Jewellery
 n - a ring of fire
Wands
 j - a wand of digging (3)
Scrolls
 b - a scroll of magic mapping {unknown}
 i - 2 scrolls of identify
 k - a scroll of fear {unknown}
 l - 2 scrolls of enchant weapon {unknown}
 m - 2 scrolls of teleportation {unknown}
Potions
 c - 2 potions of attraction


   Skills:
 + Level 3.7 Fighting
 * Level 3.2 Polearms
 + Level 0.2 Armour
 + Level 4.1 Dodging
 - Level 2.1 Stealth
 - Level 2.0 Spellcasting
 - Level 3.2 Necromancy


You had 6 spell levels left.
You knew the following spells:

 Your Spells              Type           Power      Damage    Failure   Level
a - Pain                  Necr           40%        1d6       100%        1
b - Animate Skeleton      Necr           20%        N/A       100%        1

Your spell library contained the following spells:

 Spells                   Type           Power      Damage    Failure   Level
 Conjure Flame            Conj/Fire      1%         6-21      100%        3
 Frozen Ramparts          Ice            2%         1d2       100%        3
 Ignite Poison            Fire/Tmut/Pois 1%         N/A       100%        3
 Vampiric Draining        Necr           5%         2d6       100%        3
 Animate Dead             Necr           5%         N/A       100%        4
 Ice Form                 Ice/Tmut       1%         N/A       100%        4
 Sticky Flame             Conj/Fire      1%         2d3       100%        4
 Summon Ice Beast         Ice/Summ       1%         N/A       100%        4
 Agony                    Necr           10%        N/A       100%        5


Dungeon Overview and Level Annotations

Branches:
Dungeon (4/15)
 Temple: D:4-7

Altars:
Ashenzari
Qazlal

Shops:
D:2 ([?(*


Innate Abilities, Weirdness & Mutations

((You are quick and stealthy near water. (Stealth+, EV+, Speed+++)))
Your lower body shifts to a powerful aquatic tail in water.


Message History

The scorpion is moderately wounded.
The scorpion stings you.
You are poisoned.
The scorpion poisons you! The quokka completely misses you.
You barely miss the scorpion.
The scorpion is moderately wounded.
You feel very sick. The scorpion completely misses you.
The quokka bites you but does no damage.
The scorpion stings you but does no damage.
The quokka completely misses you.
It was a potion of flight.
You feel very buoyant.
You fly up into the air.
You feel sick. The scorpion barely misses you.
The quokka bites you but does no damage.
Your chain mail prevents you from hitting the scorpion.
The scorpion is moderately wounded.
You feel sick.
The quokka bites you but does no damage.
The scorpion stings you.
* * * LOW HITPOINT WARNING * * *
You are lethally poisoned!
The scorpion poisons you!
Your chain mail prevents you from hitting the scorpion.
The scorpion is moderately wounded.
* * * LOW HITPOINT WARNING * * *
You feel very sick.
The quokka bites you but does no damage.
The scorpion stings you.
* * * LOW HITPOINT WARNING * * *
The scorpion stings you.
* * * LOW HITPOINT WARNING * * *
You are more poisoned.
The scorpion poisons you!
The quokka bites you but does no damage.
Okay, then.
You hit the scorpion.
Your weapon exudes an aura of protection.
The scorpion is moderately wounded.
You die...

#.# #.# #..#.#
#.#.# #.## #.# #.#
#..#.# #.#.# #...
#.# #.#
#..#.###.#.# ####
#.#
##.####.....##.#.#
# #.#
#................#
# #.#
#.#####..........#
# #.###.#
##.#####.#.# #
#.....#
#r#####.#.########
#######
#@s...............
#######.#.########
#.#.# #.#.# ######
#.#.# #..... #.#.#
#.###. #.#.# #.#
#. #.#.###.###.
#.#.........


You could see a scorpion and a quokka.

Vanquished Creatures
  An orc wizard (D:3)
  4 gnolls
  2 adders
  A worm (D:2)
  3 dart slugs
  2 orcs (D:3)
  8 bats
  4 endoplasms
  3 giant cockroaches
  A goblin (D:2)
  5 hobgoblins
  3 jackals (D:4)
  7 kobolds
  6 quokkas
  5 ball pythons
  3 frilled lizards
  A rat (D:2)
59 creatures vanquished.

Vanquished Creatures (collateral kills)
  An orc (D:3)
  2 endoplasms (D:1)
  A hobgoblin (D:3)
  A frilled lizard (D:1)
5 creatures vanquished.

Grand Total: 64 creatures vanquished

Notes
Turn   | Place    | Note
-------+----------+-------------------------------------------
     0 | D:1      | inmateoo the Merfolk Necromancer began the quest for the
                  | Orb.
     0 | D:1      | Reached XP level 1. HP: 13/13 MP: 3/3
    14 | D:1      | Reached skill level 1 in Fighting
   418 | D:1      | Reached XP level 2. HP: 22/22 MP: 5/5
   423 | D:1      | Learned a level 1 spell: Animate Skeleton
  1966 | D:2      | Found Osuih's Antique Weapon Emporium.
  1982 | D:2      | Reached XP level 3. HP: 24/28 MP: 2/6
  2022 | D:2      | Found a faded altar of an unknown god.
  2250 | D:2      | Found Beipp's Magic Scroll Boutique.
  2466 | D:2      | Found Lalygis's Armour Shop.
  2501 | D:2      | Reached skill level 1 in Polearms
  2536 | D:2      | Reached skill level 3 in Dodging
  2566 | D:2      | Found Zivoa's General Store.
  2653 | D:2      | Reached XP level 4. HP: 12/35 MP: 7/7
  2946 | D:2      | Found Cyijorawn's Weapon Shop.
  3277 | D:3      | Found a stormy altar of Qazlal.
  4098 | D:3      | Reached XP level 5. HP: 17/41 MP: 5/8
  4288 | D:3      | Reached skill level 4 in Dodging
  4507 | D:2      | Bought a +1 trident of protection for 123 gold pieces
  5006 | D:4      | Found a broken altar of Ashenzari.
  5142 | D:3      | Succumbed to a scorpion's poison

Illustrated notes

Levels and vault maps discovered:
D:1:      ncdulo_watergridlock, layout_basic
D:2:      layout_basic, serial_shops, nicolae_shop_trees,
          nicolae_shop_waterfront, nicolae_square_shop, shop, shop,
          hellmonk_ecumenical_altar_crossroads, minmay_small_reverse_x
D:3:      layout_loops_ring, nicolae_overflow_crystal_walls, uniq_robin
D:4:      layout_rooms, nicolae_ashenzari_skybound

Skill      XL: |  1  2  3  4  5 |
---------------+----------------+-----
Fighting       | 1 2 3 |  3.7
Polearms       | 1 2 3 |  3.2
Dodging        | 3 4 |  4.1
Armour         | |  0.2
Stealth        | |  2.1
Spellcasting   | |  2.0
Necromancy     | |  3.2

Action                   |  1- 3 |  4- 6 || total
-------------------------+-------+-------++-------
Melee: Dagger            |    96 |    61 ||   157
       Unarmed           |     3 |       ||     3
       Trident           |       |    55 ||    55
 Cast: Pain              |    34 |     6 ||    40
       Animate Skeleton  |     4 |     4 ||     8
  Use: Scroll            |     3 |       ||     3
       Potion            |       |     2 ||     2
 Stab: Sleeping          |     3 |     3 ||     6
Armor: Robe              |    34 |    14 ||    48
       Chain mail        |       |    72 ||    72
Dodge: Dodged            |    71 |    44 ||   115
